 Dungeon Crawl Stone Soup version 0.29.1-2-gbd0b4ee654 (webtiles) character file.

Game seed: 13389456059453997301

156 Godmorgon the Gusty (level 5, 0/28 HPs)
             Began as a Tengu Air Elementalist on Oct 23, 2022.
             Killed by their own static electricity (3 damage)
             ... on level 4 of the Dungeon.
             The game lasted 00:09:45 (4360 turns).

Godmorgon the Gusty (Tengu Air Elementalist)        Turns: 4360, Time: 00:09:45

Health: 0/28       AC:  2    Str:  8    XL:     5   Next: 37%
Magic:  8/10       EV: 18    Int: 18    God:
Gold:   14         SH:  0    Dex: 14    Spells: 7/10 levels left

rFire   . . .      SeeInvis .   a - +0 dagger
rCold   . . .      Faith    .   (no shield)
rNeg    . . .      Spirit   .   g - +0 robe
rPois   .          Reflect  .   (helmet restricted)
rElec   .          Harm     .   (no cloak)
rCorr   .          Rampage  .   (no gloves)
Will    .....                   (boots unavailable)
Stlth   ++........              (no amulet)
HPRegen 0.09/turn               d - +4 ring of evasion
MPRegen 0.12/turn               (no ring)

@: flying quickly and evasively, quick
A: beak, talons 3, nimble flight
a: no special abilities


You were on level 4 of the Dungeon.
You visited 1 branch of the dungeon, and saw 4 of its levels.

You collected 144 gold pieces.
You spent 130 gold pieces at shops.

Inventory:

Hand Weapons
 a - a +0 dagger (weapon)
 r - the +7 long sword "Narhuh" {flame, rC- Int+6}
   (You found it on level 4 of the Dungeon)

   It burns those it strikes, dealing additional fire damage.
   Big, fiery blades are also staple armaments of hydra-hunters.
   Int:       It affects your intelligence (+6).
   rC:        It makes you vulnerable to cold.
Missiles
 i - 24 poisoned darts (quivered)
Armour
 g - a +0 robe (worn)
Jewellery
 d - a +4 ring of evasion (left hand)
 o - a ring of fire
 p - an amulet of faith
Wands
 q - a wand of flame (16)
Scrolls
 c - 3 scrolls of identify {unknown}
 h - 5 scrolls of teleportation {unknown}
 l - 2 scrolls of enchant armour {unknown}
 n - a scroll of vulnerability {unknown}
Potions
 b - 4 potions of magic
 e - 3 potions of heal wounds {unknown}
 f - 2 potions of resistance {unknown}
 j - 3 potions of might {unknown}
 k - a potion of attraction {unknown}
 m - a potion of brilliance {unknown}


   Skills:
 - Level 2.1 Dodging
 - Level 2.0 Stealth
 + Level 3.0 Spellcasting
 + Level 3.4 Conjurations
 * Level 6.2 Air Magic


You had 7 spell levels left.
You knew the following spells:

 Your Spells              Type           Power      Damage    Failure   Level
d - Static Discharge      Conj/Air       20%        3-6/arc   3%          2
s - Shock                 Conj/Air       80%        1d8       2%          1

Your spell library contained the following spells:

 Spells                   Type           Power      Damage    Failure   Level
 Swiftness                Air            25%        N/A       3%          3
 Airstrike                Air            12%        2d(2-18)  13%         4


Dungeon Overview and Level Annotations

Branches:
Dungeon (4/15)
 Temple: D:4-7

Altars:
Ashenzari
Hepliaklqana
Qazlal
Zin

Shops:
D:3 *


Innate Abilities, Weirdness & Mutations

You have a beak for a mouth.
You have claws for feet.
Your magical nature lets you fly swiftly and evasively.


Message History

An endoplasm comes into view.
The endoplasm quivers.
An endoplasm is nearby!
Press: ? - help, v - describe, . - travel, g - get item Item here: a slimy long sword.
The floor.
The endoplasm jiggles.
The endoplasm closely misses you.
Casting: Static Discharge (safe; 3% risk of failure)
Confirm with . or Enter, or press ? or * to list all spells.
The endoplasm is struck by an arc of lightning!
You kill the endoplasm!
You are struck by an arc of lightning.
You see here the +7 long sword "Narhuh" {flame, rC- Int+6}.
You see here the +7 long sword "Narhuh" {flame, rC- Int+6}.
r - the +7 long sword "Narhuh" {flame, rC- Int+6}
Found a war axe.
You see here a +0 war axe.
Found a stone staircase leading down.
A centaur comes into view.
Okay, then.
Found a stone staircase leading up.
The centaur wields a +0 shortbow.
The centaur shoots an arrow.
The arrow hits you!
Ouch! That really hurt!
The centaur shoots an arrow.
The arrow hits you!
* * * LOW HITPOINT WARNING * * *
Okay, then.
The centaur unwields a +0 shortbow.
The centaur completely misses you. The centaur misses you.
Casting: Static Discharge (safe; 3% risk of failure)
Confirm with . or Enter, or press ? or * to list all spells.
The centaur is struck by an arc of lightning.
The centaur is moderately wounded.
You are struck by an arc of lightning.
* * * LOW HITPOINT WARNING * * *
The centaur is struck by an arc of lightning.
The centaur is heavily wounded.
You are struck by an arc of lightning.
You die...

# #. ####.#
#<#####....
####.......##
#...........#
.#####.#...#
#.#@..# #####.#c..#
#.....#...#
#.#####...# #.#
#...# #.#.#####...#
#...........#
###........##
###############...#


You could see a centaur.

Vanquished Creatures
  An orc wizard (D:3)
  Ijyb (D:3)
  2 adders
  A dart slug (D:2)
  A worm (D:4)
  7 orcs (D:3)
  7 ball pythons
  7 endoplasms
  4 giant cockroaches
  9 goblins
  4 hobgoblins
  4 jackals (D:2)
  4 kobolds
  5 quokkas
  3 bats
  5 frilled lizards
  6 rats
71 creatures vanquished.

Notes
Turn   | Place    | Note
-------+----------+-------------------------------------------
     0 | D:1      | Godmorgon the Tengu Air Elementalist began the quest for
                  | the Orb.
     0 | D:1      | Reached XP level 1. HP: 10/10 MP: 4/4
   261 | D:1      | Reached XP level 2. HP: 15/15 MP: 3/6
   264 | D:1      | Learned a level 2 spell: Static Discharge
   439 | D:1      | You fall into a shaft and drop 1 floor!
   655 | D:2      | Found a faded altar of an unknown god.
   965 | D:2      | Found a stormy altar of Qazlal.
   973 | D:2      | Reached XP level 3. HP: 19/19 MP: 3/7
  1785 | D:1      | Reached skill level 5 in Air Magic
  2663 | D:3      | Found a glowing silver altar of Zin.
  2674 | D:3      | Reached XP level 4. HP: 20/24 MP: 1/8
  2845 | D:3      | Found Yriugak's Assorted Antiques.
  2852 | D:3      | Bought a square zirconium amulet for 130 gold pieces
  2921 | D:3      | Found a hazy altar of Hepliaklqana.
  3349 | D:3      | Found a broken altar of Ashenzari.
  3762 | D:3      | Noticed Ijyb
  3779 | D:3      | Killed Ijyb
  3780 | D:3      | Reached skill level 6 in Air Magic
  3780 | D:3      | Gained mutation: Your magical nature lets you fly swiftly
                  | and evasively. [Tengu growth]
  3780 | D:3      | Reached XP level 5. HP: 4/28 MP: 0/10
  4285 | D:4      | Identified the +7 long sword "Narhuh" {flame, rC- Int+6}
  4343 | D:4      | Noticed a centaur
  4360 | D:4      | Killed from afar by themself

Illustrated notes

Levels and vault maps discovered:
D:1:      dpeg_arrival_oval, layout_basic
D:2:      layout_loops_corners, basic_altar, chequers_ecumenical_altar_twisty,
          minmay_hexomino_p4
D:3:      layout_basic, lemuel_coloured_pillars_altar,
          mainiacjoe_overflow_24_doors, mainiacjoe_overflow_surrounded_room,
          serial_shops, nicolae_shop_crystal, uniq_ijyb
D:4:      layout_loops_ring, kennysheep_cross_room

Skill      XL: |  1  2  3  4  5 |
---------------+----------------+-----
Conjurations   | 2 3 |  3.4
Air Magic      | 5 6 |  6.2
Spellcasting   | 3 |  3.0
Dodging        | |  2.1
Stealth        | |  2.0

Action                   |  1- 3 |  4- 6 || total
-------------------------+-------+-------++-------
Melee: Club              |     2 |       ||     2
       Dagger            |       |    15 ||    15
       Peck              |       |     3 ||     3
       Kick              |       |     1 ||     1
 Cast: Shock             |    28 |    15 ||    43
       Static Discharge  |    33 |    24 ||    57
Armor: Robe              |     2 |     3 ||     5
Dodge: Dodged            |    25 |    29 ||    54
